 Dungeon Crawl Stone Soup version 0.21.1-1-g345015fe64 (webtiles) character file.

3588 Loge the Grappler (level 9, -5/93 HPs)
             Began as a Troll Monk on July 18, 2018.
             Slain by a killer bee (9 damage)
             ... on level 7 of the Dungeon.
             The game lasted 00:11:14 (4762 turns).

Loge the Grappler (Troll Monk)                      Turns: 4762, Time: 00:11:14

Health: -5/93      AC:  5    Str: 21    XL:     9   Next: 85%
Magic:  8/8        EV: 11    Int:  6    God:
Gold:   317        SH:  0    Dex: 15    Spells: 8/8 levels left

rFire    . . .     SeeInvis .     - Unarmed
rCold    . . .     Gourm    +   (no shield)
rNeg     . . .     Faith    .   M - +0 robe
rPois    .         Spirit   .   (helmet restricted)
rElec    .         Reflect  .   (no cloak)
rCorr    .         Harm     .   (gloves unavailable)
MR       .....                  (boots unavailable)
Stlth    ++........             (no amulet)
HPRegen  0.65/turn              (no ring)
MPRegen  0.11/turn              (no ring)

@: lethally poisoned (-5 -> -5)
A: large, unfitting armour, claws 3, fast metabolism 3, gourmand, regeneration
1, shaggy fur 1, tough skin 2
a: no special abilities


You were on level 7 of the Dungeon.
You were completely stuffed.

You visited 1 branch of the dungeon, and saw 7 of its levels.

You collected 317 gold pieces.

Inventory:

Hand Weapons
 a - a +0 hunting sling
Missiles
 f - 339 stones (quivered)
 i - 2 curare-tipped needles
 p - 56 poisoned needles
 D - 2 tomahawks
 L - 18 sling bullets
Armour
 M - a +0 robe (worn)
Jewellery
 n - an uncursed ring of resist corrosion {unknown}
 q - an uncursed ring of positive energy {unknown}
 x - an uncursed ring of fire {unknown}
 B - an uncursed ring of magical power {unknown}
 E - an uncursed ring of positive energy {unknown}
 K - an uncursed ring of protection from magic {unknown}
Wands
 k - a wand of polymorph (8)
 o - a wand of disintegration (17)
 y - a wand of digging (4)
 F - a wand of iceblast (5)
Scrolls
 c - 3 scrolls of magic mapping {unknown}
 d - 3 scrolls of fear {unknown}
 h - 2 scrolls of noise {unknown}
 j - 4 scrolls of teleportation
 l - a scroll of random uselessness {unknown}
 t - 3 scrolls of amnesia {unknown}
 u - 4 scrolls of remove curse {unknown}
 G - a scroll of identify
Potions
 e - 2 potions of heal wounds
 g - 4 potions of flight
 m - 2 potions of curing
 r - a potion of might
 s - 2 potions of brilliance {unknown}
 v - a potion of cancellation {unknown}
 w - a potion of magic {unknown}
 A - a potion of haste {unknown}
 C - a potion of ambrosia {unknown}
 H - 3 potions of lignification {unknown}
 I - 3 potions of degeneration {unknown}
 J - a potion of agility {unknown}
Comestibles
 b - 16 rations
 z - 3 chunks of flesh


   Skills:
 + Level 7.3 Fighting
 - Level 2.4 Dodging
 - Level 1.0 Stealth
 * Level 11.7 Unarmed Combat


You had 8 spell levels left.
You didn't know any spells.

Dungeon Overview and Level Annotations

Branches:
Dungeon (7/15)
 Temple: D:4-7

Altars:
Ashenzari
Nemelex Xobeh
Sif Muna


Innate Abilities, Weirdness & Mutations

You are too large for most types of armour.
You have claws for hands.
Your metabolism is lightning-fast.
You like to eat raw meat.
Your natural rate of healing is unusually fast.
You are covered in fur. (AC +1)
You have very tough skin. (AC +2)


Message History

The killer bee stings you.
* * * LOW HITPOINT WARNING * * *
The killer bee closely misses you.
A killer bee comes into view.
You feel better. The killer bee misses you. The killer bee stings you!
* * * LOW HITPOINT WARNING * * *
The killer bee stings you but does no damage.
The ice beast hits you but does no damage.
The killer bee stings you.
* * * LOW HITPOINT WARNING * * *
You are poisoned.
The killer bee poisons you! The killer bee closely misses you.
The killer bee stings you!
* * * LOW HITPOINT WARNING * * *
You claw the ice beast!
The ice beast is heavily wounded.
You feel sick. The killer bee stings you.
* * * LOW HITPOINT WARNING * * *
The killer bee stings you!
You die...

#. ##.# # .# #... $.
#...# #..# ... #...# #...
.... #...# ###.#. ....)
#...# #.....
......######...#####.#.#.
#.:.yy@............#.#.
#......Yyy.............#.
##...#...............#.#.
#... #######...#####.#...
#+ +#.# #...# #>.... ..
.. #...# ####.# .#. #...#
####.# ... #...# #.....
#.# #...# #.##.#


You could see an ice beast and 4 killer bees.

Vanquished Creatures
  The ghost of SlightEye the Sneak, a novice OpAs of Dithmenos (D:6)
  Joseph (D:7)
  Sigmund (D:5)
  5 yaks (D:7)
  A hungry ghost (D:7)
  A sky beast (D:7)
  An ice beast (D:7)
  3 ogres
  3 centaurs (D:5)
  A killer bee (D:7)
  2 howler monkeys (D:7)
  A crimson imp (D:5)
  A bullfrog zombie (D:5)
  3 hounds (D:6)
  7 orc priests
  2 centaur skeletons (D:5)
  7 orc wizards
  Ijyb (D:5)
  3 iguanas
  Natasha (D:4)
  5 worker ants
  A hound skeleton (D:7)
  A worker ant zombie (D:6)
  6 adders
  3 shadow imps
  An adder skeleton (D:6)
  2 adder zombies
  A worm (D:3)
  4 dart slugs
  5 leopard geckos
  20 orcs
  3 ball pythons
  5 giant cockroaches
  10 goblins
  5 hobgoblins
  6 jackals
  4 quokkas
  5 bats
  4 frilled lizards
  6 kobolds
  A quokka skeleton (D:5)
  4 rats
148 creatures vanquished.

Notes
Turn   | Place    | Note
-------+----------+-------------------------------------------
     0 | D:1      | Loge the Troll Monk began the quest for the Orb.
     0 | D:1      | Reached XP level 1. HP: 22/22 MP: 0/0
   109 | D:1      | Reached XP level 2. HP: 27/29 MP: 1/1
   698 | D:2      | Reached XP level 3. HP: 29/36 MP: 2/2
   745 | D:2      | Reached skill level 4 in Unarmed Combat
  1330 | D:3      | Found a shattered altar of Ashenzari.
  1336 | D:3      | Found a sparkling altar of Nemelex Xobeh.
  1337 | D:3      | Found a deep blue altar of Sif Muna.
  1360 | D:3      | Reached XP level 4. HP: 45/45 MP: 3/3
  1511 | D:3      | Reached skill level 5 in Unarmed Combat
  1640 | D:3      | Reached XP level 5. HP: 53/53 MP: 4/4
  2479 | D:4      | Noticed Natasha
  2484 | D:4      | Killed Natasha
  2545 | D:4      | Reached XP level 6. HP: 62/62 MP: 5/5
  2574 | D:4      | Reached skill level 6 in Unarmed Combat
  3000 | D:5      | Entered Level 5 of the Dungeon
  3092 | D:5      | Reached XP level 7. HP: 68/70 MP: 6/6
  3207 | D:5      | Noticed Sigmund
  3216 | D:5      | Killed Sigmund
  3216 | D:5      | Reached skill level 7 in Unarmed Combat
  3285 | D:5      | Reached skill level 5 in Fighting
  3285 | D:5      | Reached skill level 8 in Unarmed Combat
  3343 | D:5      | Reached XP level 8. HP: 48/80 MP: 7/7
  3423 | D:5      | Noticed Ijyb
  3434 | D:5      | Killed Ijyb
  3899 | D:6      | Reached skill level 9 in Unarmed Combat
  4023 | D:6      | Noticed SlightEye's ghost (novice OpAs)
  4035 | D:6      | Killed SlightEye's ghost
  4038 | D:6      | Reached skill level 10 in Unarmed Combat
  4038 | D:6      | Reached XP level 9. HP: 63/89 MP: 8/8
  4303 | D:7      | Noticed Joseph
  4323 | D:7      | Killed Joseph
  4543 | D:7      | Reached skill level 11 in Unarmed Combat
  4762 | D:7      | HP: 4/93 [killer bee (5)]
  4762 | D:7      | Slain by a killer bee

Skill      XL: |  1  2  3  4  5  6  7  8  9 |
---------------+----------------------------+-----
Unarmed Combat | 4 5 6 8 10 11 | 11.7
Fighting       | 3 4 5 6 7 |  7.3
Dodging        | |  2.4
Stealth        | |  1.0

Action                   |  1- 3 |  4- 6 |  7- 9 || total
-------------------------+-------+-------+-------++-------
Melee: Unarmed           |    96 |   142 |   196 ||   434
       Punch             |     2 |     2 |    13 ||    17
  Use: Scroll            |       |     1 |     4 ||     5
       Potion            |       |       |     1 ||     1
 Stab: Sleeping          |     2 |     3 |     1 ||     6
  Eat: Chunk             |    18 |    16 |    23 ||    57
Armor: Robe              |    46 |    44 |    52 ||   142
Dodge: Dodged            |    45 |    62 |   107 ||   214
